 Dungeon Crawl Stone Soup version 0.27-a0-686-gaed091b46b (webtiles) character file.

Game seed: 6507570654445059042

29279 Anon1729 the Unseen (level 13, -3/83 HPs)
             Began as a Kobold Brigand on Mar 21, 2021.
             Was a High Priest of Wu Jian.
             Slain by a two-headed ogre
             ... wielding a +0 giant spiked club
              (13 damage)
             ... while paralysed by an ogre mage
             ... on level 15 of the Dungeon.
             The game lasted 00:39:20 (15188 turns).

Anon1729 the Unseen (Kobold Brigand)               Turns: 15188, Time: 00:39:21

Health: -3/83      AC: 14    Str: 15    XL:     13   Next: 79%
Magic:  13/13      EV:  3    Int: 16    God:    Wu Jian [*****.]
Gold:   939        SH:  0    Dex: 23    Spells: 12/12 levels left

rFire    + . .     SeeInvis .   K - +4 short sword "Efadd" {drain, rC+ rN+ Str+2 Int+3}
rCold    + . .     Faith    .   (shield restricted)
rNeg     + + .     Spirit   .   M - +1 leather armour of Pandemonium {rF+ Str+5 Dex+2 Stlth+}
rPois    .         Reflect  .   x - +2 helmet "Xeirirr" {rN+}
rElec    .         Harm     .   c - +0 cloak
rCorr    .         Rampage  .   U - +0 pair of gloves
Will     .....                  R - +0 pair of boots
Stlth    +++++++++.             f - amulet of regeneration
HPRegen  1.23/turn              j - +4 ring of evasion
MPRegen  0.13/turn              S - +4 ring of protection

@: paralysed, lethally poisoned (-3 -> -4), serpent's lash
A: small, no large weapons, nightstalker 3
a: Renounce Religion, Wall Jump, Serpent's Lash, Heavenly Storm


You were on level 15 of the Dungeon.
You worshipped Wu Jian.
Wu Jian was extremely pleased with you.
You visited 1 branch of the dungeon, and saw 15 of its levels.

You collected 989 gold pieces.
You spent 50 gold pieces at shops.

Inventory:

Hand Weapons
 a - a +2 short sword of venom
 b - a +2 vorpal hunting sling
 K - the +4 short sword "Efadd" (weapon) {drain, rC+ rN+ Str+2 Int+3}
   (You found it on level 6 of the Dungeon)

   A truly terrible weapon, it drains the life of those it strikes.
   It affects your strength (+2).
   It affects your intelligence (+3).
   It protects you from cold.
   It protects you from negative energy.
Missiles
 d - 48 poisoned darts (quivered)
 e - 7 curare-tipped darts
 p - 276 stones
 q - 85 sling bullets
 t - 20 boomerangs
Armour
 c - a +0 cloak (worn)
 m - a +0 robe
 x - the +2 helmet "Xeirirr" (worn) {rN+}
   (You took it off Robin on level 3 of the Dungeon)

   It protects you from negative energy.
 M - the +1 leather armour of Pandemonium (worn) {rF+ Str+5 Dex+2 Stlth+}
   (You took it off an orc on level 3 of the Dungeon)

   It affects your strength (+5).
   It affects your dexterity (+2).
   It protects you from fire.
   It makes you more stealthy.
 N - a scarf of resistance
 R - a +0 pair of boots (worn)
 U - a +0 pair of gloves (worn)
 W - a +0 pair of gloves
Jewellery
 f - an amulet of regeneration (around neck)
 j - a +4 ring of evasion (right hand)
 s - a ring of flight
 u - a ring of resist corrosion
 J - a +4 ring of evasion
 Q - a ring of poison resistance
 S - a +4 ring of protection (left hand)
 V - an amulet of the acrobat
Wands
 n - a wand of random effects (20)
 D - a wand of mindburst (12)
 O - a wand of polymorph (27)
 Y - a wand of charming (12)
Scrolls
 h - 8 scrolls of teleportation
 k - 5 scrolls of fog
 o - 2 scrolls of magic mapping
 r - a scroll of identify
 v - a scroll of brand weapon
 y - 2 scrolls of blinking
 B - 3 scrolls of vulnerability
 C - 2 scrolls of enchant weapon
 E - 3 scrolls of amnesia
 F - a scroll of fear
 L - a scroll of acquirement
 X - a scroll of silence {unknown}
Potions
 g - 3 potions of might
 i - 2 potions of magic
 l - 4 potions of flight
 w - 2 potions of ambrosia
 z - 2 potions of heal wounds
 A - 6 potions of curing
 G - 2 potions of resistance
 H - 2 potions of lignification {unknown}
 I - a potion of mutation {unknown}
 P - 3 potions of attraction
 T - a potion of berserk rage {unknown}


   Skills:
 + Level 10.3 Fighting
 + Level 12.0 Short Blades
 + Level 10.2 Throwing
 - Level 1.0 Armour
 + Level 11.1 Dodging
 * Level 17.9 Stealth
 + Level 0.0 Evocations


You had 12 spell levels left.
You didn't know any spells.
Your spell library contained the following spells:

 Spells                   Type           Power      Damage    Failure   Level
 Animate Skeleton         Necr           0%         N/A       30%         1
 Beastly Appendage        Tmut           0%         N/A       30%         1
 Pain                     Necr           0%         1d4       30%         1
 Summon Small Mammal      Summ           0%         N/A       30%         1
 Call Imp                 Summ           0%         N/A       43%         2
 Wereblood                Tmut           0%         N/A       43%         2
 Call Canine Familiar     Summ           0%         N/A       67%         3
 Spider Form              Tmut/Pois      0%         N/A       67%         3
 Summon Guardian Golem    Hex/Summ       0%         N/A       67%         3
 Vampiric Draining        Necr           0%         2d6       67%         3
 Animate Dead             Necr           0%         N/A       97%         4
 Ice Form                 Ice/Tmut       0%         N/A       97%         4
 Summon Ice Beast         Ice/Summ       0%         N/A       97%         4
 Summon Lightning Spire   Summ/Air       0%         N/A       97%         4
 Agony                    Necr           0%         N/A       100%        5
 Blade Hands              Tmut           0%         N/A       100%        5


Dungeon Overview and Level Annotations

Branches:
Dungeon (15/15)            Temple (0/1) D:7            Lair (0/6) D:9
    Orc (0/2) D:9
 Vaults: D:13-14     Depths: D:15

Altars:
Cheibriados
Ru
Sif Muna
Uskayaw
Wu Jian
Yredelemnul
The Shining One
Beogh

Shops:
D:2 ?

Portals:
Trove: D:12 (give 8 potions of haste)

Annotations:
D:4 t4s4d4r's ghost, amateur DgEn


Innate Abilities, Weirdness & Mutations

You are small and have problems with some larger weapons.
You are completely attuned to the shadows.


Message History

The two-headed ogre is moderately wounded.
The ogre mage completely misses you.
You hit the two-headed ogre. You drain the two-headed ogre.
The two-headed ogre is moderately wounded.
You feel sick.
You hit the ogre mage.
The ogre mage is lightly wounded.
The ogre mage points at itself and mumbles some strange words.
The ogre mage flickers and vanishes!
Deactivating autopickup; reactivate with Ctrl-A.
Okay, then.
You puncture the two-headed ogre! You drain the two-headed ogre.
The two-headed ogre is heavily wounded.
You feel sick.
You puncture the two-headed ogre! You drain the two-headed ogre.
The two-headed ogre is severely wounded.
You hear some strange, mumbled words.
The two-headed ogre seems to speed up.
You hit the two-headed ogre but do no damage.
You drain the two-headed ogre.
The two-headed ogre is severely wounded.
You feel sick.
The two-headed ogre completely misses you. x2
You hit the two-headed ogre but do no damage.
You drain the two-headed ogre.
The two-headed ogre is almost dead.
You hear some strange, mumbled words.
You suddenly lose the ability to move!
You feel sick. Something hits you! Something hits you but does no damage.
You feel sick.
The two-headed ogre hits you with a +0 giant spiked club!
The two-headed ogre hits you with a +0 giant club!
* * * LOW HITPOINT WARNING * * *
Something hits you.
* * * LOW HITPOINT WARNING * * *
The two-headed ogre hits you with a +0 giant spiked club!
* * * LOW HITPOINT WARNING * * *
The two-headed ogre hits you with a +0 giant club!
You die... ######### OOO{@OO.. #########

You could see 4 two-headed ogres and an ogre.

Vanquished Creatures
  2 vault guards (D:14)
  2 centaur warriors
  2 two-headed ogres
  An unseen horror (D:13)
  A glowing orange brain (shapeshifter) (D:13)
  A wizard (D:14)
  A deep elf zephyrmancer (D:12)
  10 ugly things
  3 manticores
  A cyclops (D:13)
  Maurice (D:9)
  An efreet (D:13)
  A komodo dragon (D:9)
  5 trolls
  Prince Ribbit (D:5)
  Grinder (D:5)
  7 slime creatures
  A shadow (D:14)
  Sigmund (D:2)
  2 water elementals (D:14)
  A vampire (D:9)
  8 humans (D:14)
  4 wraiths
  20 yaks
  Menkaure (D:5)
  A two-headed ogre zombie (D:9)
  3 soldier ants
  Edmund (D:5)
  2 water moccasins
  4 orc warriors
  A necrophage (D:7)
  5 black bears
  3 sky beasts
  5 ogres
  17 centaurs
  5 phantoms
  2 kobold brigands
  13 bullfrogs
  2 gnoll sergeants
  3 wyvern zombies
  A wyvern skeleton (D:12)
  8 scorpions
  A water moccasin skeleton (D:7)
  2 troll zombies (D:9)
  2 electric eels (D:14)
  2 howler monkeys
  3 centaur zombies
  A jelly (D:9)
  4 bullfrog zombies
  7 hounds
  Crazy Yiuf (D:2)
  9 orc priests
  4 centaur skeletons
  A bullfrog skeleton (D:7)
  Jessica (D:2)
  Natasha (thrice) (D:2)
  An iguana (D:11)
  12 orc wizards
  6 worker ants
  5 ogre zombies (D:9)
  2 hound zombies
  A hound skeleton (D:5)
  A worker ant zombie (D:5)
  Robin (D:3)
  20 gnolls
  14 adders
  A howler monkey skeleton (D:4)
  3 shadow imps
  3 white imps
  An ooze (D:7)
  4 adder skeletons
  2 adder zombies (D:5)
  5 worms
  A dart slug (D:1)
  3 leopard geckos
  69 orcs
  12 bats
  3 giant cockroaches
  19 goblins
  8 hobgoblins
  11 jackals
  3 quokkas
  2 ball pythons
  5 frilled lizards
  2 goblin skeletons (D:9)
  A goblin zombie (D:9)
  A hobgoblin skeleton (D:9)
  5 hobgoblin zombies (D:9)
  2 jackal skeletons
  A jackal zombie (D:5)
  12 kobolds
  3 leopard gecko skeletons
  2 leopard gecko zombies
  6 orc skeletons (D:9)
  10 orc zombies (D:9)
  2 quokka zombies (D:5)
  7 rats
468 creatures vanquished.

Vanquished Creatures (others)
  A human (D:14)
  An orc priest (D:14)
  An orc wizard (D:4)
  47 fungi
  85 plants
  3 withered plants (D:5)
138 creatures vanquished.

Grand Total: 606 creatures vanquished

Notes
Turn   | Place    | Note
-------+----------+-------------------------------------------
     0 | D:1      | Anon1729 the Kobold Brigand began the quest for the Orb.
     0 | D:1      | Reached XP level 1. HP: 12/12 MP: 1/1
   264 | D:1      | Reached XP level 2. HP: 9/18 MP: 2/2
   900 | D:2      | Reached XP level 3. HP: 22/22 MP: 3/3
   905 | D:2      | Noticed Sigmund
   994 | D:2      | Noticed Natasha
  1044 | D:2      | Killed Natasha
  1045 | D:2      | Reached skill level 6 in Stealth
  1045 | D:2      | Reached XP level 4. HP: 20/27 MP: 4/4
  1156 | D:2      | Noticed Natasha
  1158 | D:2      | Found Mysa Gaa's Magic Scroll Emporium.
  1175 | D:2      | Killed Natasha
  1187 | D:2      | Bought a scroll of identify for 20 gold pieces
  1187 | D:2      | Bought a scroll of teleportation for 30 gold pieces
  1223 | D:2      | Reached XP level 5. HP: 32/32 MP: 5/5
  1303 | D:2      | Found a runed translucent door.
  1306 | D:2      | Noticed Crazy Yiuf
  1311 | D:2      | Killed Crazy Yiuf
  1403 | D:2      | Noticed Jessica
  1416 | D:2      | Killed Jessica
  1476 | D:2      | Noticed Natasha
  1489 | D:2      | Killed Natasha
  1490 | D:2      | Reached XP level 6. HP: 37/37 MP: 6/6
  1738 | D:3      | Reached skill level 7 in Stealth
  2301 | D:3      | Identified the +2 helmet "Xeirirr" {rN+}
  2301 | D:3      | Noticed Robin
  2337 | D:3      | Reached XP level 7. HP: 41/41 MP: 7/7
  2360 | D:3      | Killed Robin
  2657 | D:4      | Reached skill level 8 in Stealth
  2948 | D:4      | Found an ornate altar of the Wu Jian Council.
  3023 | D:4      | Became a worshipper of the Wu Jian Council
  3112 | D:4      | Reached skill level 5 in Short Blades
  3136 | D:4      | Found a runed translucent gate.
  3136 | D:4      | Found a runed translucent gate.
  3136 | D:4      | Found a runed translucent gate.
  3139 | D:4      | Identified the +1 leather armour of Pandemonium {rF+ Str+5
                  | Dex+2 Stlth+}
  3256 | D:4      | Found a hide-covered altar of Uskayaw.
  3317 | D:4      | Reached XP level 8. HP: 48/48 MP: 8/8
  3446 | D:4      | Reached * piety under Wu Jian
  3566 | D:4      | Noticed t4s4d4r's ghost (amateur DgEn)
  3602 | D:5      | Entered Level 5 of the Dungeon
  3666 | D:5      | Reached skill level 9 in Stealth
  3861 | D:5      | Noticed Edmund
  3866 | D:5      | Killed Edmund
  3907 | D:5      | Noticed Prince Ribbit
  3910 | D:5      | Killed Prince Ribbit
  3911 | D:5      | Reached skill level 5 in Dodging
  3975 | D:5      | Noticed Grinder
  4002 | D:5      | Paralysed by Grinder for 2 turns
  4009 | D:5      | Killed Grinder
  4010 | D:5      | Reached skill level 5 in Fighting
  4010 | D:5      | Reached skill level 5 in Throwing
  4010 | D:5      | Reached skill level 10 in Stealth
  4010 | D:5      | Reached XP level 9. HP: 54/54 MP: 9/9
  4327 | D:5      | Reached ** piety under Wu Jian
  4384 | D:5      | Found a glowing golden altar of the Shining One.
  4394 | D:5      | Found a basalt altar of Yredelemnul.
  4396 | D:5      | Found a faded altar of an unknown god.
  4397 | D:5      | Found a sacrificial altar of Ru.
  4402 | D:5      | Found a faded altar of an unknown god.
  4591 | D:5      | Noticed Menkaure
  4593 | D:5      | Killed Menkaure
  4961 | D:6      | Reached skill level 11 in Stealth
  5583 | D:6      | Identified the +4 short sword "Efadd" {drain, rC+ rN+ Str+2
                  | Int+3}
  6252 | D:7      | Reached *** piety under Wu Jian
  6664 | D:7      | Found a staircase to the Ecumenical Temple.
  6695 | D:7      | Reached XP level 10. HP: 60/60 MP: 10/10
  6977 | D:7      | Found a shimmering blue altar of Sif Muna.
  7631 | D:2      | Killed Sigmund
  7632 | D:2      | Reached skill level 12 in Stealth
  7660 | D:2      | Identified a scroll of acquirement
  7934 | D:8      | Reached skill level 1 in Armour
  7934 | D:8      | Reached **** piety under Wu Jian
  8492 | D:9      | Noticed Maurice
  8495 | D:9      | Killed Maurice
  8618 | D:9      | Reached skill level 13 in Stealth
  8618 | D:9      | Found a staircase to the Lair.
  8792 | D:9      | Found a staircase to the Orcish Mines.
  8794 | D:9      | Noticed a two-headed ogre
  8822 | D:9      | Noticed a komodo dragon
  8853 | D:8      | Killed a two-headed ogre
  8854 | D:8      | Reached XP level 11. HP: 50/67 MP: 11/11
  9045 | D:9      | Reached ***** piety under Wu Jian
  9079 | D:9      | Found a snail-covered altar of Cheibriados.
  9814 | D:10     | Entered Level 10 of the Dungeon
 10076 | D:10     | Reached skill level 14 in Stealth
 10811 | D:11     | You fall into a shaft and drop 3 floors!
 10812 | D:14     | Noticed a green ugly thing
 10812 | D:14     | Noticed a green ugly thing
 10812 | D:14     | Noticed a green ugly thing
 10813 | D:14     | Killed a green ugly thing
 10952 | D:13     | Noticed a glowing orange brain
 10973 | D:13     | Killed a glowing orange brain
 11137 | D:13     | Noticed a cyclops
 11149 | D:13     | Killed a cyclops
 11305 | D:13     | Noticed a green ugly thing
 11327 | D:13     | Killed a green ugly thing
 11328 | D:13     | Reached skill level 10 in Short Blades
 11366 | D:13     | Reached skill level 15 in Stealth
 11380 | D:13     | Reached XP level 12. HP: 75/75 MP: 12/12
 11676 | D:13     | Noticed a centaur warrior
 11680 | D:13     | Killed a centaur warrior
 11876 | D:13     | Killed an unseen horror
 12064 | D:12     | Noticed a two-headed ogre
 12112 | D:12     | Killed a two-headed ogre
 12352 | D:12     | Noticed a centaur warrior
 12360 | D:12     | Reached skill level 16 in Stealth
 12361 | D:12     | Killed a centaur warrior
 12435 | D:12     | Reached skill level 10 in Dodging
 12740 | D:12     | Found a portal to a secret trove of treasure.
 12854 | D:12     | Reached XP level 13. HP: 80/80 MP: 13/13
 13986 | D:14     | Noticed a vault guard
 13989 | D:14     | Killed a vault guard
 13990 | D:14     | Reached skill level 17 in Stealth
 13992 | D:14     | Noticed a vault guard
 14096 | D:14     | Reached ****** piety under Wu Jian
 14278 | D:14     | Reached skill level 10 in Fighting
 14279 | D:14     | Reached skill level 10 in Throwing
 14937 | D:14     | Identified the +4 plate armour of Hiv Kilu {rF++ Str-5}
 15022 | D:14     | Killed a vault guard
 15174 | D:15     | Entered Level 15 of the Dungeon
 15174 | D:15     | Noticed an ogre mage
 15184 | D:15     | Paralysed by something for 6 turns
 15188 | D:15     | Slain by a two-headed ogre

Illustrated notes

Levels and vault maps discovered:
D:1:      minmay_arrival_four_loops, layout_loops_ring
D:2:      layout_rooms, serial_shops, shop, dk_noncrumbling_3, uniq_jessica,
          uniq_crazy_yiuf_cottage, uniq_natasha, uniq_sigmund
D:3:      layout_basic, uniq_robin
D:4:      layout_basic, nicolae_uskayaw_suspiria, nicolae_wu_jian_wuxing_cycle,
          biasface_ghost_orc_armoury
D:5:      layout_loops_corners, chequers_temple_overflow_minitemple,
          serial_undead, serial_undead_c, serial_undead_a, serial_undead_a,
          serial_undead_f, serial_undead_f, serial_undead_f,
          uniq_prince_ribbit1, uniq_menkaure, uniq_edmund, uniq_grinder
D:6:      minmay_bubble_buster, layout_cave_pods, serial_bayou_pond_e
D:7:      layout_layer_cave, nicolae_sif_muna_little_library,
          minmay_temple_entry_large_hall, corexii_hall_statues_x
D:8:      layout_cave_pools, serial_column_ruins, column_ruins_grid_1,
          column_ruins_open_tiny, column_ruins_corridor_corner,
          column_ruins_corridor_T, column_ruins_grid_1, column_ruins_open_large
D:9:      layout_basic, cheibrodos_worm_habitat, due_lair_maze_entry_diamond,
          zombieorc2_lemuel, uniq_maurice
D:10:     layout_basic
D:11:     layout_irregular_city
D:12:     layout_basic, enter_trove_6, hive_lemuel
D:13:     layout_grid_maze
D:14:     layout_gridville, ximxim_vaults_locker_room, serial_bayou,
          serial_bayou_pond_e, serial_bayou_crossing, serial_bayou_pond_b,
          serial_bayou_lagoon_a, palyth_stone_intersect
D:15:     grunt_enter_depths_snipers, layout_basic,
          minmay_misc_feat_more_columns, gammafunk_ghost_grave, uniq_louise

Skill      XL: |  1  2  3  4  5  6  7  8  9 10 11 12 13 |
---------------+----------------------------------------+-----
Short Blades   | 3 4 5 6 7 8 10 11 12 | 12.0
Dodging        | 2 3 4 5 6 7 9 10 11 | 11.1
Stealth        | 6 7 8 10 11 13 15 16 17 | 17.9
Fighting       | 3 4 5 6 7 8 9 10 | 10.3
Throwing       | 3 4 5 6 7 8 9 10 | 10.2
Armour         | 1 |  1.0

Action                   |  1- 3 |  4- 6 |  7- 9 | 10-12 | 13-15 || total
-------------------------+-------+-------+-------+-------+-------++-------
Melee: Dagger            |    56 |   123 |       |       |       ||   179
       Short sword       |       |       |   398 |  1052 |   516 ||  1966
 Fire: Hunting sling     |       |    74 |    45 |       |       ||   119
Throw: Dart              |     3 |    11 |       |       |       ||    14
Invok: Lunge             |       |       |    39 |    79 |    19 ||   137
       Whirlwind         |       |       |       |    82 |    48 ||   130
       Serpent's Lash    |       |       |       |     1 |     3 ||     4
 Abil: Wall Jump         |       |       |       |     2 |       ||     2
Evoke: Wand              |       |       |       |       |     1 ||     1
  Use: Scroll            |       |       |       |    12 |     7 ||    19
 Stab: Sleeping          |    14 |     8 |    45 |    60 |    17 ||   144
       Distracted        |     1 |       |       |    15 |     3 ||    19
Armor: Robe              |     8 |     4 |    41 |     1 |       ||    54
       Leather armour    |       |       |       |    70 |    31 ||   101
Dodge: Dodged            |    16 |   112 |   307 |   785 |   230 ||  1450

Table legend: (Time is in decaauts)
 A = Elapsed time spent in this place.
 B = Non-inter-level travel time spent in this place.
 C = Inter-level travel time spent in this place.
 D = Time resting spent in this place.
 E = Time spent auto-exploring this place.
 F = Levels seen in this place.
 G = Mean time per level.
                   A        B        C        D        E       F      G
               +--------+--------+--------+--------+--------+-----+--------+
         Total |  14678 |  13966 |    712 |    313 |  10147 |  15 |  978.5 |
       Dungeon |  14678 |  13966 |    712 |    313 |  10147 |  15 |  978.5 |
               +--------+--------+--------+--------+--------+-----+--------+

Top non-repeatable levels by time:
     D:7: 1327 daAuts
     D:5: 1319 daAuts
     D:9: 1272 daAuts
    D:13: 1214 daAuts
    D:14: 1209 daAuts
     D:4: 1143 daAuts
     D:6: 1124 daAuts
     D:3: 1118 daAuts
    D:12: 1000 daAuts
    D:11: 889 daAuts
     D:1: 872 daAuts
     D:2: 826 daAuts
    D:10: 693 daAuts
     D:8: 657 daAuts
    D:15: 8 daAuts
